Map: Galactic Process LE

Players

Stonecold

  • Race: Terran Terran

Gracz - Winner!

  • Race: Protoss Protoss
  • League: Silver

VOD

Have the link to the VOD?

Description

Time

  • Played on: Oct. 8, 2016, 11:36 a.m.
  • Length: 15:15
Show
View Real Time Build Order
Export as new Build Order

Stonecold Terran 

Build Orders:  

Get SALT Encoding   

  12  0:01  SCV  
  13  0:13  SCV  
  14  0:25  SCV  
  15  0:31  Supply Depot  
  15  0:42  Supply Depot  
  15  0:53  SCV  
  16  1:05  SCV  
  16  1:06  Barracks  
  17  1:13  Refinery  
  17  1:17  SCV  
  18  1:19  Engineering Bay  
  18  1:29  SCV  
  19  1:38  Supply Depot  
  19  1:57  Barracks, Reaper  
  20  2:29  Marine  
  20  2:46  Terran Infantry Weapons Level 1  
  20  2:47  Marine, Refinery  
  20  2:48  Barracks Tech Lab  
  21  2:58  Supply Depot  
  21  3:05  Marine  
  22  3:23  Marine  
  22  3:27  Stimpack  
  22  3:37  Supply Depot, Orbital Command  
  22  3:48  Command Center  
  22  4:06  SCV  
  23  4:14  Factory  
  23  4:18  SCV  
  24  4:29  Reaper  
  25  4:53  Missile Turret, Terran Infantry Armor Level 1  
  25  4:54  Bunker  
  25  5:01  Reaper  
  25  5:05  Marauder  
  28  5:18  Factory Tech Lab  
  28  5:22  Missile Turret  
  28  5:27  Marauder  
  28  5:28  Concussive Shells  
  30  5:35  Refinery  
  30  5:48  Marauder  
  30  6:26  Orbital Command  
  30  6:36  SCV  
  31  6:40  Siege Tank  
  31  6:47  Marine x2  
  34  6:48  SCV  
  34  6:53  SCV  
  38  7:00  SCV  
  39  7:05  Marauder  
  39  7:07  Starport  
  41  7:12  Siege Tank  
  44  7:20  Refinery  
  44  7:40  Sensor Tower  
  44  7:54  Supply Depot  
  44  8:07  Starport Tech Lab  
  44  8:19  Supply Depot  
  44  8:20  SCV  
  45  8:32  SCV  
  46  8:35  Marauder  
  46  8:36  Marine  
  49  8:46  Cloaking Field  
  49  8:57  Supply Depot, Marauder  
  51  9:09  Banshee  
  54  9:18  Marauder  
  56  9:35  Barracks  
  56  9:44  SCV  
  57  9:46  Marine x2  
  57  9:49  Widow Mine  
  57  9:52  Banshee  
  64  10:04  Marauder  
  66  10:17  Widow Mine  
  68  10:46  Widow Mine  
  70  11:00  Barracks Tech Lab  
  70  11:07  Missile Turret  
  70  11:13  SCV  
  70  11:14  Widow Mine  
  73  11:25  SCV  
  74  11:29  Missile Turret  
  74  11:30  Banshee  
  77  11:44  Command Center  
  77  11:52  Combat Shields  
  77  11:59  Marine x2  
  77  12:00  Marine  
  80  12:13  Banshee  
  83  12:42  Starport  
  83  12:48  Widow Mine  
  85  13:01  Supply Depot  
  85  13:04  Supply Depot  
  85  13:16  Widow Mine  
  84  14:01  Missile Turret  
  84  14:03  Missile Turret x2  
  84  14:07  Marine x3  
  87  14:24  Marine  
  87  14:25  Marine x2  
  87  14:28  Refinery  
  81  14:42  Marine  
Show
View Real Time Build Order
Export as new Build Order

Gracz Protoss - Winner!

Build Orders:  

Get SALT Encoding   

  12  0:01  Probe (Chrono Boost)  
  13  0:15  Pylon  
  13  0:18  Probe (Chrono Boost)  
  14  0:35  Gateway  
  14  0:43  Gateway  
  14  0:46  Probe (Chrono Boost)  
  15  0:57  Probe (Chrono Boost)  
  16  1:07  Assimilator  
  16  1:08  Probe (Chrono Boost)  
  17  1:15  Pylon  
  17  1:18  Probe (Chrono Boost)  
  18  1:27  Cybernetics Core  
  18  1:32  Probe (Chrono Boost)  
  19  1:43  Probe (Chrono Boost)  
  19  1:45  Assimilator  
  20  1:53  Probe (Chrono Boost)  
  21  2:05  Stalker  
  23  2:10  Pylon  
  23  2:29  Warp Gate  
  23  2:44  Assimilator  
  23  2:46  Assimilator  
  23  2:47  Stalker  
  25  3:36  Nexus  
  25  3:48  Robotics Facility  
  25  3:49  Robotics Facility  
  25  3:58  Probe (Chrono Boost)  
  26  4:04  Gateway  
  27  4:10  Probe (Chrono Boost)  
  27  4:22  Probe (Chrono Boost)  
  28  4:30  Gateway  
  28  4:34  Probe (Chrono Boost)  
  30  4:46  Probe (Chrono Boost)  
  30  4:50  Robotics Bay  
  30  4:54  Robotics Facility  
  30  4:58  Probe (Chrono Boost)  
  31  5:00  Pylon  
  31  5:01  Probe (Chrono Boost)  
  32  5:10  Probe (Chrono Boost)  
  33  5:20  Stalker x3  
  41  5:28  Probe (Chrono Boost)  
  41  5:30  Probe (Chrono Boost)  
  41  5:35  Stalker  
  43  5:42  Probe (Chrono Boost)  
  44  6:02  Stalker x2  
  44  6:03  Stalker  
  50  6:33  Colossus  
  50  6:37  Probe (Chrono Boost)  
  57  6:44  Stalker x2  
  61  6:48  Probe (Chrono Boost)  
  61  6:50  Pylon  
  62  7:05  Pylon  
  62  7:08  Pylon  
  62  7:09  Probe (Chrono Boost)  
  62  7:12  Colossus  
  62  7:13  Pylon  
  69  7:29  Colossus  
  75  7:38  Observer  
  75  7:41  Stalker  
  78  7:45  Probe (Chrono Boost)  
  78  7:47  Probe (Chrono Boost)  
  81  7:59  Probe (Chrono Boost)  
  81  8:23  Nexus  
  81  8:26  Pylon  
  81  8:27  Probe (Chrono Boost)  
  81  8:29  Pylon, Probe (Chrono Boost)  
  81  8:32  Assimilator  
  83  8:35  Colossus  
  83  8:36  Assimilator  
  89  8:41  Pylon  
  88  8:58  Warp Prism  
  90  9:04  Stalker  
  90  9:05  Stalker x2  
  96  9:14  Probe (Chrono Boost)  
  96  9:15  Probe (Chrono Boost)  
  98  9:17  Stalker  
  100  9:25  Probe (Chrono Boost)  
  100  9:28  Probe (Chrono Boost)  
  102  9:43  Disruptor  
  105  9:59  Stargate  
  105  10:01  Stargate  
  105  10:02  Stargate  
  105  10:03  Stargate  
  108  10:07  Probe x2 (Chrono Boost)  
  108  10:08  Probe (Chrono Boost)  
  108  10:10  Stalker  
  108  10:11  Stalker  
  112  10:17  Probe (Chrono Boost)  
  112  10:20  Probe (Chrono Boost)  
  114  10:52  Warp Prism  
  114  10:59  Immortal  
  114  11:00  Observer  
  114  11:03  Extended Thermal Lance  
  121  11:10  Stalker x3  
  121  11:11  Stalker  
  129  11:13  Probe x2 (Chrono Boost)  
  129  11:14  Probe (Chrono Boost)  
  132  11:20  Fleet Beacon  
  132  11:24  Forge  
  132  11:53  Pylon  
  132  11:56  Pylon  
  132  11:58  Pylon  
  131  12:31  Tempest x3  
  131  12:33  Observer  
  131  12:34  Observer  
  131  12:35  Observer  
  131  12:36  Tempest  
  150  12:44  Stalker x3  
  156  12:52  Gateway  
  156  12:54  Gateway  
  156  12:57  Gateway  
  156  13:06  Pylon  
  156  13:09  Tempest  
  156  13:11  Pylon  
  156  13:12  Stalker x2  
  156  13:15  Pylon  
  148  13:42  Tempest x2, Stalker x4  
  148  13:46  Tempest  
  148  13:48  Tempest  
  172  14:07  Pylon  
  172  14:10  Pylon  
  172  14:13  Pylon  
Tags
 
Add a new tag
Caveats
  • Supply blocks, unpowered buildings, or Contaminate may cause inaccurate times.
  • Supply counts are checked every 10 seconds.